3L
NEW ORLEANS VOODOO @ OAKLAND OAKS
08/23/2032
 
TOP OF THE 1ST
New Orleans Voodoo batting - Pitching for Oakland Oaks : LHP Kevin Nogilny
Pitching: LHP Kevin Nogilny
Batting: SHB Zuberi Mccray 0-0: Ball
1-0: Ball
2-0: Ball
3-0: Base on Balls
Batting: RHB Noah Bushby 0-0: Called Strike
0-1: Swinging Strike
0-2: Ball
1-2: Ground out 5-3 (Groundball, 56S)
Zuberi Mccray to second
Batting: RHB Colm Goodwill 0-0: Ball
1-0: Called Strike
1-1: Reached on error, E6 (Groundball, 6)
Zuberi Mccray to third
Batting: RHB António Pérez 0-0: Ball
1-0: Called Strike
1-1: Ball
2-1: Ball
3-1: Fly out, F3 (Popup, 3)
Batting: SHB Takashi Noda 0-0: Fielders Choice at 2nd, 6-4 (Groundball, 6)
Top of the 1st over - 0 runs, 0 hits, 1 error, 2 left on base; New Orleans 0 - Oakland 0
BOTTOM OF THE 1ST
Oakland Oaks batting - Pitching for New Orleans Voodoo : RHP Leroy Moody
Pitching: RHP Leroy Moody
Batting: RHB Joseph Papasogli 0-0: Ball
1-0: Foul Ball, location: 2F
1-1: Ball
2-1: Ball
3-1: Swinging Strike
3-2: Base on Balls
Batting: RHB Alfonso Nazario 0-0: Called Strike
0-1: Ball
1-1: Ball
2-1: Foul Ball, location: 2F
2-2: Ball
3-2: Base on Balls
Joseph Papasogli to second
Batting: RHB Colin O'Connell 0-0: Ball
1-0: Ball
2-0: Called Strike
2-1: Ball
3-1: Foul Ball, location: 2F
3-2: Ground out 6-3 (Groundball, 6S)
Joseph Papasogli to third
Alfonso Nazario to second
Batting: SHB Luis Luquín 0-0: Called Strike
0-1: Fly out, F7 (Flyball, 7)
Runner from 3rd tags up, SCORES, no throw
Batting: RHB Esteban Vázquez 0-0: Called Strike
0-1: Ball
1-1: Foul Ball, location: 2F
1-2: Ball
2-2: Ball
3-2: Base on Balls
Batting: SHB José Rico 0-0: Ball
1-0: Ball
2-0: Fielders Choice at 2nd, 6-4 (Groundball, 6)
Bottom of the 1st over - 1 run, 0 hits, 0 errors, 2 left on base; New Orleans 0 - Oakland 1
TOP OF THE 2ND
New Orleans Voodoo batting - Pitching for Oakland Oaks : LHP Kevin Nogilny
Batting: RHB Arnold Giroux 0-0: Ball
1-0: Ball
2-0: TRIPLE (Flyball, 78XD)
Batting: RHB Griffin Woodfinlevine 0-0: Ball
1-0: Fly out, F4 (Popup, 4)
Batting: RHB Mario Álvarez 0-0: Ball
1-0: Ball
2-0: Swinging Strike
2-1: Swinging Strike
2-2: Strikes out swinging
Batting: RHB Alan Bryan 0-0: Ball
1-0: Ball
2-0: Ball
Wild Pitch!
Arnold Giroux scores
3-0: Called Strike
3-1: Foul Ball, location: 2F
3-2: SINGLE (Flyball, 89M)
Batting: SHB Zuberi Mccray 0-0: Fly out, F6 (Line Drive, 6)
Top of the 2nd over - 1 run, 2 hits, 0 errors, 1 left on base; New Orleans 1 - Oakland 1
BOTTOM OF THE 2ND
Oakland Oaks batting - Pitching for New Orleans Voodoo : RHP Leroy Moody
Batting: LHB Jesús Trevino 0-0: Ball
1-0: Ground out 4-3 (Groundball, 4)
Batting: RHB Yehonatan Chazan 0-0: Called Strike
0-1: Ball
1-1: Ball
2-1: DOUBLE (Line Drive, 89D)
Batting: RHB Xavier Gama 0-0: SINGLE (Line Drive, 7S)
Yehonatan Chazan to third
Runner from 3rd tries for Home, SAFE, no throw
Batting: RHB Joseph Papasogli 0-0: Called Strike
0-1: Ball
1-1: Ball
2-1: Ball
3-1: SINGLE (Groundball, 6MD)
Xavier Gama to second
Batting: RHB Alfonso Nazario 0-0: Foul Ball, location: 2F
0-1: Fly out, F8 (Flyball, 8RS)
Batting: RHB Colin O'Connell 0-0: Called Strike
0-1: Ball
1-1: Ball
2-1: Called Strike
2-2: SINGLE (Line Drive, 4MD)
Xavier Gama to third
Joseph Papasogli to second
Runner from 3rd tries for Home, SAFE, no throw
Batting: SHB Luis Luquín 0-0: SINGLE (Groundball, 6MS) (infield hit)
Joseph Papasogli to third
Colin O'Connell to second
Batting: RHB Esteban Vázquez 0-0: Called Strike
0-1: Foul Ball, location: 2F
0-2: Ball
1-2: Ball
2-2: Strikes out swinging
Bottom of the 2nd over - 2 runs, 5 hits, 0 errors, 3 left on base; New Orleans 1 - Oakland 3
TOP OF THE 3RD
New Orleans Voodoo batting - Pitching for Oakland Oaks : LHP Kevin Nogilny
Batting: RHB Noah Bushby 0-0: Ball
1-0: Swinging Strike
1-1: DOUBLE (Groundball, 5L)
Batting: RHB Colm Goodwill 0-0: Ball
1-0: Ball
2-0: Called Strike
2-1: Foul Ball, location: 2F
2-2: Ball
3-2: Fly out, F7 (Flyball, 78S)
Batting: RHB António Pérez 0-0: Swinging Strike
0-1: Ball
1-1: Called Strike
1-2: Foul Ball, location: 2F
1-2: Ground out 5-3 (Groundball, 56)
Batting: SHB Takashi Noda 0-0: Ball
1-0: Ball
2-0: Ball
3-0: Swinging Strike
3-1: Fly out, F8 (Flyball, 8RD)
Top of the 3rd over - 0 runs, 1 hit, 0 errors, 1 left on base; New Orleans 1 - Oakland 3
BOTTOM OF THE 3RD
Oakland Oaks batting - Pitching for New Orleans Voodoo : RHP Leroy Moody
Batting: SHB José Rico 0-0: Foul Ball, location: 2F
0-1: Ground out 6-3 (Groundball, 6M)
Batting: LHB Jesús Trevino 0-0: Ball
1-0: Ball
2-0: Ball
3-0: Called Strike
3-1: Called Strike
3-2: Fly out, F8 (Flyball, 8RM)
Batting: RHB Yehonatan Chazan 0-0: Foul Ball, location: 2F
0-1: Ball
1-1: Foul Ball, location: 2F
1-2: Foul Ball, location: 2F
1-2: Strikes out swinging
Bottom of the 3rd over - 0 runs, 0 hits, 0 errors, 0 left on base; New Orleans 1 - Oakland 3
TOP OF THE 4TH
New Orleans Voodoo batting - Pitching for Oakland Oaks : LHP Kevin Nogilny
Batting: RHB Arnold Giroux 0-0: Ball
1-0: Ground out 3-1 (Groundball, 3D)
Batting: RHB Griffin Woodfinlevine 0-0: Ball
1-0: Ball
2-0: Called Strike
2-1: DOUBLE (Flyball, 89D)
Batting: RHB Mario Álvarez 0-0: Ball
1-0: Foul Ball, location: 2F
1-1: Ball
2-1: TRIPLE (Line Drive, 89XD)
Griffin Woodfinlevine scores
Batting: RHB Alan Bryan 0-0: Ball
1-0: Ball
2-0: Called Strike
2-1: Ball
3-1: Base on Balls
Batting: SHB Zuberi Mccray 0-0: Ball
1-0: Ball
2-0: SINGLE (Groundball, 4D)
Mario Álvarez scores
Alan Bryan to second
Runner from 2nd tries for 3rd, SAFE, no throw
Batting: RHB Noah Bushby 0-0: Called Strike
0-1: Swinging Strike
0-2: Ball
1-2: Ball
2-2: Foul Ball, location: 2F
2-2: Fly out, F5 (Popup, 5SF)
Batting: RHB Colm Goodwill 0-0: Ground out 5-3 (Groundball, 56S)
Top of the 4th over - 2 runs, 3 hits, 0 errors, 2 left on base; New Orleans 3 - Oakland 3
BOTTOM OF THE 4TH
Oakland Oaks batting - Pitching for New Orleans Voodoo : RHP Leroy Moody
Batting: RHB Xavier Gama 0-0: Called Strike
0-1: Ball
1-1: SOLO HOME RUN (Line Drive, 9LD), Distance : 342 ft
Batting: RHB Joseph Papasogli 0-0: Ball
1-0: Called Strike
1-1: SINGLE (Line Drive, 78S)
Batting: RHB Alfonso Nazario 0-0: Ball
1-0: Fly out, F9 (Flyball, 9S)
Batting: RHB Colin O'Connell 0-0: Ball
1-0: Called Strike
1-1: Ball
2-1: Grounds into double play, 5-4-3 (Groundball, 56)
Bottom of the 4th over - 1 run, 2 hits, 0 errors, 0 left on base; New Orleans 3 - Oakland 4
TOP OF THE 5TH
New Orleans Voodoo batting - Pitching for Oakland Oaks : LHP Kevin Nogilny
Batting: RHB António Pérez 0-0: Ball
1-0: Called Strike
1-1: Foul Ball, location: 2F
1-2: Ball
2-2: Foul Ball, location: 2F
2-2: Strikes out swinging
Batting: SHB Takashi Noda 0-0: Ball
1-0: Ball
2-0: SINGLE (Groundball, 56D)
Pitching: RHP Dave Stephenson
Batting: RHB Arnold Giroux 0-0: Ball
1-0: Ball
2-0: Foul Ball, location: 2F
2-1: Called Strike
2-2: Foul Ball, location: 2F
2-2: Strikes out swinging
Batting: RHB Griffin Woodfinlevine 0-0: Ball
1-0: Ball
2-0: Called Strike
2-1: Ball
Wild Pitch!
Takashi Noda to second
3-1: Base on Balls
Batting: RHB Mario Álvarez 0-0: Swinging Strike
0-1: Foul Ball, location: 2F
0-2: Ball
1-2: Ball
2-2: Foul Ball, location: 2F
2-2: Strikes out swinging
Top of the 5th over - 0 runs, 1 hit, 0 errors, 2 left on base; New Orleans 3 - Oakland 4
BOTTOM OF THE 5TH
Oakland Oaks batting - Pitching for New Orleans Voodoo : RHP Leroy Moody
Batting: SHB Luis Luquín 0-0: Called Strike
0-1: Ball
1-1: SINGLE (Line Drive, 8LS)
Batting: RHB Esteban Vázquez 0-0: Ball
Luis Luquín steals 2nd base
1-0: Called Strike
1-1: Ball
2-1: Ground out 6-3 (Groundball, 56)
Batting: SHB José Rico 0-0: Foul Ball, location: 2F
0-1: Called Strike
0-2: Strikes out swinging
Batting: LHB Jesús Trevino 0-0: Called Strike
0-1: Called Strike
0-2: SINGLE (Groundball, 23) (infield hit)
Luis Luquín to third
Batting: RHB Yehonatan Chazan 0-0: Ball
1-0: Ball
2-0: Called Strike
2-1: Ball
3-1: Base on Balls
Jesús Trevino to second
Batting: RHB Xavier Gama 0-0: Called Strike
0-1: Foul Ball, location: 2F
0-2: Ball
1-2: Foul Ball, location: 2F
1-2: Foul Ball, location: 2F
1-2: Ground out 5-3 (Groundball, 56S)
Bottom of the 5th over - 0 runs, 2 hits, 0 errors, 3 left on base; New Orleans 3 - Oakland 4
TOP OF THE 6TH
New Orleans Voodoo batting - Pitching for Oakland Oaks : RHP Dave Stephenson
Batting: RHB Alan Bryan 0-0: Ball
1-0: Fly out, F9 (Flyball, 9D)
Batting: SHB Zuberi Mccray 0-0: Ball
1-0: Ball
2-0: Swinging Strike
2-1: Called Strike
2-2: Strikes out swinging
Batting: RHB Noah Bushby 0-0: Called Strike
0-1: SINGLE (Flyball, 8RS)
Batting: RHB Colm Goodwill 0-0: Called Strike
0-1: Ball
1-1: Foul Ball, location: 2F
1-2: Strikes out swinging
Top of the 6th over - 0 runs, 1 hit, 0 errors, 1 left on base; New Orleans 3 - Oakland 4
BOTTOM OF THE 6TH
Oakland Oaks batting - Pitching for New Orleans Voodoo : RHP Leroy Moody
Batting: RHB Joseph Papasogli 0-0: Called Strike
0-1: Ball
1-1: Foul Ball, location: 2F
1-2: Ball
2-2: Ball
3-2: Ground out 5-3 (Groundball, 56)
Batting: RHB Alfonso Nazario 0-0: Foul Ball, location: 2F
0-1: Foul Ball, location: 2F
0-2: Foul Ball, location: 2F
0-2: Ball
1-2: Strikes out swinging
Batting: RHB Colin O'Connell 0-0: Foul Ball, location: 2F
0-1: Ball
1-1: Called Strike
1-2: Ball
2-2: Ground out 6-3 (Groundball, 56)
Bottom of the 6th over - 0 runs, 0 hits, 0 errors, 0 left on base; New Orleans 3 - Oakland 4
TOP OF THE 7TH
New Orleans Voodoo batting - Pitching for Oakland Oaks : RHP Dave Stephenson
Now in LF: Ed Berry
Batting: RHB António Pérez 0-0: Ball
1-0: Foul Ball, location: 2F
1-1: SINGLE (Line Drive, 34D)
Batting: SHB Takashi Noda 0-0: Called Strike
0-1: Foul Ball, location: 2F
0-2: Foul Ball, location: 2F
0-2: Foul Ball, location: 2F
0-2: Ball
1-2: Ball
2-2: Ball
3-2: SINGLE (Line Drive, 5D)
António Pérez to second
António Pérez to third
Batting: RHB Arnold Giroux 0-0: Ball
1-0: SINGLE (Groundball, 4D)
António Pérez scores
Takashi Noda to second
Runner from 2nd tries for 3rd, SAFE, no throw
Batting: RHB Griffin Woodfinlevine 0-0: Ball
1-0: Called Strike
1-1: Ball
2-1: Called Strike
2-2: Foul Ball, location: 2F
2-2: SINGLE (Line Drive, 56D)
Takashi Noda scores
Arnold Giroux to second
Batting: RHB Mario Álvarez 0-0: Ball
1-0: Ball
2-0: Ball
3-0: Called Strike
3-1: Swinging Strike
3-2: Foul Ball, location: 2F
3-2: Base on Balls
Arnold Giroux to third
Griffin Woodfinlevine to second
Batting: RHB Alan Bryan 0-0: Grounds into fielders choice 4-2 (Groundball, 4)
Griffin Woodfinlevine to third
Mario Álvarez to second
Batting: SHB Zuberi Mccray 0-0: Grounds into double play, 1-2-3 (Groundball, P)
Top of the 7th over - 2 runs, 4 hits, 0 errors, 2 left on base; New Orleans 5 - Oakland 4
BOTTOM OF THE 7TH
Oakland Oaks batting - Pitching for New Orleans Voodoo : RHP Leroy Moody
Pitching: RHP Jean-François Chapon
Batting: SHB Luis Luquín 0-0: Ball
1-0: Fly out, F7 (Flyball, 78M)
Batting: RHB Esteban Vázquez 0-0: Foul Ball, location: 2F
0-1: Foul Ball, location: 2F
0-2: Ball
1-2: Ball
2-2: Strikes out swinging
Batting: SHB José Rico 0-0: Swinging Strike
0-1: Ball
1-1: Ball
2-1: Swinging Strike
2-2: Strikes out swinging
Bottom of the 7th over - 0 runs, 0 hits, 0 errors, 0 left on base; New Orleans 5 - Oakland 4
TOP OF THE 8TH
New Orleans Voodoo batting - Pitching for Oakland Oaks : RHP Dave Stephenson
Pitching: RHP Brian Walker
Batting: RHB Noah Bushby 0-0: Called Strike
0-1: Swinging Strike
0-2: Foul Ball, location: 2F
0-2: Foul Ball, location: 2F
0-2: SINGLE (Line Drive, 78S)
Batting: RHB Colm Goodwill 0-0: Called Strike
0-1: Fielders Choice at 2nd, 1-6 (Groundball, 13S)
Batting: RHB António Pérez 0-0: Ball
1-0: Called Strike
1-1: Foul Ball, location: 2F
1-2: SINGLE (Groundball, 56) (infield hit)
Colm Goodwill to second
Batting: SHB Takashi Noda 0-0: Ball
1-0: Swinging Strike
1-1: Called Strike
1-2: Strikes out swinging
Batting: RHB Arnold Giroux 0-0: Foul Ball, location: 2F
0-1: Ball
1-1: Ball
2-1: Ball
3-1: Called Strike
3-2: Fly out, F6 (Popup, 6MS)
Top of the 8th over - 0 runs, 2 hits, 0 errors, 2 left on base; New Orleans 5 - Oakland 4
BOTTOM OF THE 8TH
Oakland Oaks batting - Pitching for New Orleans Voodoo : RHP Jean-François Chapon
Batting: LHB Jesús Trevino 0-0: Called Strike
0-1: Ball
1-1: Ground out 1-3 (Groundball, 23)
Batting: RHB Yehonatan Chazan 0-0: Foul Ball, location: 2F
0-1: Swinging Strike
0-2: Ball
1-2: Fly out, F8 (Flyball, 8LM)
Batting: RHB Xavier Gama 0-0: Swinging Strike
0-1: Swinging Strike
0-2: Strikes out looking
Bottom of the 8th over - 0 runs, 0 hits, 0 errors, 0 left on base; New Orleans 5 - Oakland 4
TOP OF THE 9TH
New Orleans Voodoo batting - Pitching for Oakland Oaks : RHP Brian Walker
Pitching: RHP Lyle Lanley
Batting: RHB Griffin Woodfinlevine 0-0: Ball
1-0: Reached on error, E6 (Groundball, 6D)
Batting: RHB Mario Álvarez 0-0: SINGLE (Groundball, 6MD)
Griffin Woodfinlevine to second
Runner from 2nd tries for 3rd, SAFE, no throw
Batting: RHB Alan Bryan 0-0: Ball
1-0: Called Strike
Mario Álvarez steals 2nd base
1-1: Fly out, F8 (Line Drive, 8RM)
Runner from 3rd tags up, SCORES, throw made
Batting: SHB Zuberi Mccray 0-0: Foul Ball, location: 2F
0-1: Swinging Strike
0-2: Ball
Balk!
Mario Álvarez to third
1-2: SINGLE (Groundball, 34D)
Mario Álvarez scores
Batting: RHB Noah Bushby 0-0: Fly out, F8 (Flyball, 78M)
Batting: RHB Colm Goodwill 0-0: Foul Ball, location: 2F
0-1: Foul Ball, location: 2F
0-2: Strikes out swinging
Top of the 9th over - 2 runs, 2 hits, 1 error, 1 left on base; New Orleans 7 - Oakland 4
BOTTOM OF THE 9TH
Oakland Oaks batting - Pitching for New Orleans Voodoo : RHP Jean-François Chapon
Pitching: RHP Bob Roth
Batting: LHB Ed Berry 0-0: Called Strike
0-1: Ball
1-1: Ball
2-1: Ground out U3 (Groundball, 34)
Batting: RHB Alfonso Nazario 0-0: Foul Ball, location: 2F
0-1: Ground out 1-3 (Groundball, 13S)
Batting: RHB Colin O'Connell 0-0: Ball
1-0: Ball
2-0: Ball
3-0: Called Strike
3-1: Foul Ball, location: 2F
3-2: Reached on error, E5 (Groundball, 56)
Batting: SHB Luis Luquín 0-0: Ball
1-0: Foul Ball, location: 2F
1-1: Fly out, F8 (Flyball, 78D)
Bottom of the 9th over - 0 runs, 0 hits, 1 error, 1 left on base; New Orleans 7 - Oakland 4
Wednesday, September 19th, 2018 - OOTP Baseball 18.8 Build 76